 Dungeon Crawl Stone Soup version 0.18-a0-1577-gf591c28 (webtiles) character file.

18 M4edhros the Skirmisher (level 2, -2/21 HPs)
             Began as an Octopode Wanderer on Mar 17, 2016.
             Slain by a kobold
             ... wielding a +0 whip
              (4 damage)
             ... on level 1 of the Dungeon.
             The game lasted 00:01:05 (456 turns).

M4edhros the Skirmisher (Octopode Wanderer)          Turns: 456, Time: 00:01:06

Health: -2/21      AC:  1    Str: 11    XL:     2   Next: 70%
Magic:  0/4        EV: 12    Int: 18    God:
Gold:   0          SH:  0    Dex:  7    Spells: 0 memorised, 3 levels left

rFire  . . .     SeeInvis .     (no weapon)
rCold  . . .     Gourm    .     (no shield)
rNeg   . . .     Faith    .     (helmet restricted)
rPois  .         Spirit   +     e - amulet of guardian spirit
rElec  .         Dismiss  .     (no ring)
rCorr  .         Reflect  .     (no ring)
SustAt .         Harm     .     (no ring)
MR     .....                    (no ring)
Stlth  ++........               (no ring)
                                (no ring)
                                (no ring)
                                (no ring)

@: not resistant to hostile enchantments, unstealthy
A: almost no armour, amphibious, 8 rings, constrict 8, camouflage 1, gelatinous
body 1
a: no special abilities


You were on level 1 of the Dungeon.
You were not hungry.

You visited 1 branch of the dungeon, and saw 1 of its levels.

Inventory:

Hand Weapons
 b - a +0 hand crossbow
 i - a cursed -3 short sword
Missiles
 c - 26 bolts
 n - 16 silver bolts
Jewellery
 e - an amulet of guardian spirit (around mantle)
Scrolls
 j - a scroll of blinking {unknown}
 k - a scroll of identify {unknown}
 l - a scroll of amnesia {unknown}
Potions
 d - a potion of lignification
 g - 2 potions of curing {unknown}
 m - a potion of brilliance {unknown}
Books
 a - a book of Maledictions

   Spells                             Type                      Level
   a - Corona                         Hexes                        1
   b - Ensorcelled Hibernation        Hexes/Ice                    2
   c - Confuse                        Hexes                        3
   d - Tukima's Dance                 Hexes                        3
   e - Dazzling Spray                 Conjuration/Hexes            3
Comestibles
 f - a bread ration
 h - a slice of pizza


   Skills:
 - Level 3.0 Fighting
 - Level 2.0 Crossbows
 - Level 1.0 Throwing
 * Level 1.9 Dodging
   Level 1.0 Shields
 + Level 1.4 Spellcasting
   Level 2.0 Hexes


You had 3 spell levels left.
You didn't know any spells.

Dungeon Overview and Level Annotations

Branches:
Dungeon (1/15)

Altars:


Innate Abilities, Weirdness & Mutations

You cannot wear most types of armour.
You are amphibious.
You can wear up to eight rings at the same time.
You can use your tentacles to constrict eight enemies at once.
Your skin changes colour to match your surroundings (Stealth).
Your rubbery body absorbs attacks (AC +1).


Message History

The kobold is heavily wounded.
The kobold closely misses you.
You tentacle-slap the kobold. You grab the kobold.
The kobold is heavily wounded.
You constrict the kobold. The bat hits you but does no damage.
The kobold struggles to escape constriction.
The kobold hits you but does no damage.
You tentacle-slap the kobold.
You kill the kobold!
The bat hits you but does no damage. The bat closely misses you.
You miss the bat. You grab the bat. You constrict the bat.
The bat closely misses you.
The bat struggles to escape constriction.
You closely miss the kobold. You grab the kobold.
You squeeze the kobold, but do no damage.
The kobold is heavily wounded.
You constrict the kobold. You constrict the bat. The bat barely misses you.
The bat struggles to escape constriction.
The bat misses you. The kobold hits you with a whip.
You die...

#.# #.....§ #.# ##..§..
#.# ###### #.# #.# #.#
#.######.###
#...(..K...####.
###########..@b........
.....#..!..####.....#.#
......$....K###)#......
...........(...!...###.
............)......#
.....................!
........(..........###
...................#
.............#######


You could see a bat and a kobold.

Vanquished Creatures
  3 giant geckos (D:1)
  2 bats (D:1)
  A giant cockroach (D:1)
  A hobgoblin (D:1)
  4 kobolds (D:1)
  4 rats (D:1)
15 creatures vanquished.

Notes
Turn   | Place    | Note
--------------------------------------------------------------
     0 | D:1      | M4edhros the Octopode Wanderer began the quest for the Orb.
     0 | D:1      | M4edhros set off with: a book of Maledictions, a +0 hand crossbow, 26 bolts, a potion of lignification, a bread ration
     0 | D:1      | Reached XP level 1. HP: 16/16 MP: 2/2
    55 | D:1      | Reached skill level 1 in Dodging
   205 | D:1      | Reached XP level 2. HP: 17/21 MP: 3/3
   456 | D:1      | Slain by a kobold

Vault maps used:
D:1:      lemuel_arrival_lava_pool

Skill      XL: |  1 |
---------------+----+-----
Dodging        | 1 |  1.9
Fighting       | |  3.0
Crossbows      | |  2.0
Throwing       | |  1.0
Shields        | |  1.0
Spellcasting   | |  1.4
Hexes          | |  2.0

Action                   || total
-------------------------++-------
Melee: Unarmed           ||    61
 Stab: Sleeping          ||     1
